 Dungeon Crawl Stone Soup version 0.25.0-65-g31bcc41 (webtiles) character file.

630 Dorkslayer the Skirmisher (level 7, 0/56 HPs)
             Began as a Demonspawn Fighter on Oct 31, 2020.
             Was a Priest of Okawaru.
             Slain by a phantom (6 damage)
             ... on level 1 of the Dungeon.
             The game lasted 00:01:38 (316 turns).

Dorkslayer the Skirmisher (Demonspawn Fighter)       Turns: 316, Time: 00:01:38

Health: 0/56       AC:  8    Str: 16 (18) XL:     7   Next: 24%
Magic:  16/16      EV:  7    Int:  6 (9)  God:    Okawaru [***...]
Gold:   129        SH:  9    Dex: 16 (19) Spells: 6/6 levels left

rFire    . . .     SeeInvis .   a - +0 long sword
rCold    . . .     Gourm    .   c - +0 shield
rNeg     . . .     Faith    .   b - +0 scale mail
rPois    .         Spirit   .   (no helmet)
rElec    .         Reflect  .   j - +0 cloak
rCorr    .         Harm     .   (no gloves)
MR       .....                  (no boots)
Stlth    ++........             (no amulet)
HPRegen  0.18/turn              l - ring of magical power
MPRegen  0.15/turn              (no ring)

@: no status effects
A: thin skeletal structure 3
a: Heroism, Renounce Religion


You were on level 1 of the Dungeon.
You worshipped Okawaru.
Okawaru was most pleased with you.
You were not hungry.

You visited 1 branch of the dungeon, and saw 1 of its levels.

You collected 129 gold pieces.

Inventory:

Hand Weapons
 a - a +0 long sword (weapon)
Armour
 b - a +0 scale mail (worn)
 c - a +0 shield (worn)
 j - a +0 cloak (worn)
Jewellery
 l - a ring of magical power (left hand)
Scrolls
 h - 2 scrolls of identify {unknown}
Potions
 d - a potion of might
Comestibles
 f - 5 rations
 k - 3 chunks of flesh


   Skills:
 + Level 5.2 Fighting
 + Level 3.1 Long Blades
 + Level 4.7 Armour
 + Level 4.5 Shields


You had 6 spell levels left.
You didn't know any spells.
Your spell library was empty.

Dungeon Overview and Level Annotations

Branches:
Dungeon (1/3)
 Temple: D:1

Altars:
Dithmenos
Nemelex Xobeh
Okawaru


Innate Abilities, Weirdness & Mutations

You have an unnaturally thin skeletal structure. (Dex +6, Stealth++)


Message History

Your shield and scale mail prevent you from hitting the phantom.
The phantom is lightly damaged.
The phantom hits you.
* * * LOW HITPOINT WARNING * * *
The phantom hits you.
* * * LOW HITPOINT WARNING * * *
Your shield and scale mail prevent you from hitting the phantom.
The phantom is lightly damaged.
The phantom blinks!
The phantom blinks!
You see here 15 gold pieces.
You now have 129 gold pieces (gained 15).
The phantom blinks!
You closely miss the phantom.
The phantom hits you but does no damage.
You block the phantom's attack.
You slash the phantom!
The phantom is moderately damaged.
The phantom hits you.
You die...

###########################
##.♣.♣.♣(♣.♣.♣.♣.♣.♣.8.8.♣.#####
#........................(.....#
#..8.♣.♣.♣.8.♣.♣.♣.8.♣.8.♣.)...#
#.#########################....#
.>....!.............#..........##
.......)..?....W@.............)..
...######...........#..........##
....# #.##.......[#..........##
.#..# #.##......(.#..........##
.##.#####.##....#####..........##
.#...(..⌠.⌠#..## #############
........._....## ###..
........⌠.⌠....############ #....
...[.......#...#8##8##8##8###....


You could see a phantom.

Vanquished Creatures
  A centaur (D:1)
  A scorpion (D:1)
  An adder zombie (D:1)
3 creatures vanquished.

Notes
Turn   | Place    | Note
-------+----------+-------------------------------------------
     0 | D:1      | Dorkslayer the Demonspawn Fighter began the quest for the
                  | Orb.
     0 | D:1      | Reached XP level 1. HP: 18/18 MP: 1/1
    37 | D:1      | Found a sparkling altar of Nemelex Xobeh.
    49 | D:1      | Found a shadowy altar of Dithmenos.
    58 | D:1      | Found an iron altar of Okawaru.
    94 | D:1      | Became a worshipper of Warmaster Okawaru
    99 | D:1      | Gained mutation: You have a somewhat thin skeletal
                  | structure. (Dex +2, Stealth) [demonic ancestry]
    99 | D:1      | Reached XP level 2. HP: 18/24 MP: 2/2
   149 | D:1      | Noticed a centaur
   157 | D:1      | Killed a centaur
   157 | D:1      | Reached * piety under Okawaru
   157 | D:1      | Reached ** piety under Okawaru
   157 | D:1      | Reached *** piety under Okawaru
   157 | D:1      | Reached skill level 4 in Fighting
   157 | D:1      | Reached XP level 3. HP: 13/32 MP: 3/3
   157 | D:1      | Gained mutation: You have a moderately thin skeletal
                  | structure. (Dex +4, Stealth+) [demonic ancestry]
   157 | D:1      | Reached XP level 4. HP: 16/38 MP: 4/4
   157 | D:1      | Gained mutation: You have an unnaturally thin skeletal
                  | structure. (Dex +6, Stealth++) [demonic ancestry]
   157 | D:1      | Reached XP level 5. HP: 18/43 MP: 5/5
   157 | D:1      | Reached XP level 6. HP: 21/50 MP: 6/6
   251 | D:1      | Reached skill level 5 in Fighting
   251 | D:1      | Reached XP level 7. HP: 8/56 MP: 7/7
   316 | D:1      | Slain by a phantom

Skill      XL: |  1  2  3  4  5  6 |
---------------+-------------------+-----
Armour         | 3 4 |  4.7
Shields        | 3 4 |  4.5
Fighting       | 4 5 |  5.2
Long Blades    | 2 3 |  3.1

Action                   |  1- 3 |  4- 6 |  7- 9 || total
-------------------------+-------+-------+-------++-------
Melee: Long sword        |     8 |    13 |     5 ||    26
  Use: Potion            |       |       |     4 ||     4
Armor: Scale mail        |     2 |     3 |     1 ||     6
Dodge: Dodged            |     2 |     2 |       ||     4
Block: Shield            |     3 |     6 |     1 ||    10
       Rpst.: Long sword |       |     2 |       ||     2
